 Dungeon Crawl Stone Soup version 0.22.1-1-ga44c0e56f4 (webtiles) character file.

690 Knicklaso the Basher (level 7, -4/66 HPs)
             Began as a Minotaur Berserker on Sept 26, 2018.
             Was a Priest of Trog.
             Slain by Duvessa
             ... wielding a +0 short sword
              (9 damage)
             ... on level 4 of the Dungeon.
             The game lasted 00:13:23 (3456 turns).

Knicklaso the Basher (Minotaur Berserker)           Turns: 3456, Time: 00:13:24

Health: -4/66      AC:  9    Str: 23    XL:     7   Next: 36%
Magic:  6/6        EV: 11    Int:  4    God:    Trog [***...]
Gold:   250        SH:  0    Dex: 10    Spells: 6/6 levels left

rFire    . . .     SeeInvis .   a - +0 mace
rCold    . . .     Gourm    .   (no shield)
rNeg     . . .     Faith    .   r - +0 ring mail
rPois    .         Spirit   .   (helmet restricted)
rElec    .         Reflect  .   p - +0 cloak (curse)
rCorr    .         Harm     .   (no gloves)
MR       .....                  (no boots)
Stlth    +.........             (no amulet)
HPRegen  0.21/turn              d - ring of stealth
MPRegen  0.10/turn              h - +3 ring of protection

@: berserk cooldown, slowed, very slow
A: retaliatory headbutt, horns 2
a: Berserk, Trog's Hand, Renounce Religion


You were on level 4 of the Dungeon.
You worshipped Trog.
Trog was most pleased with you.
You were very hungry.

You visited 1 branch of the dungeon, and saw 4 of its levels.

You collected 250 gold pieces.

Inventory:

Hand Weapons
 a - a +0 mace (weapon)
 l - a +4 quarterstaff of chaos
Missiles
 f - 24 poisoned needles
 g - 136 stones (quivered)
Armour
 p - a cursed +0 cloak (worn)
 r - a +0 ring mail (worn)
Magical Staves
 q - an uncursed staff of death
Jewellery
 b - an uncursed ring of positive energy {unknown}
 d - a ring of stealth (left hand)
 h - a +3 ring of protection (right hand)
 x - an uncursed amulet of harm {unknown}
Scrolls
 i - 3 scrolls of teleportation
 j - 3 scrolls of identify
 m - a scroll of immolation {unknown}
 n - a scroll of fog {unknown}
 o - 2 scrolls of remove curse {unknown}
 s - a scroll of random uselessness {unknown}
 w - a scroll of amnesia {unknown}
Potions
 e - 3 potions of curing {unknown}
 k - a potion of resistance {unknown}
 t - a potion of berserk rage {unknown}
 u - a potion of degeneration {unknown}
Comestibles
 c - 9 rations


   Skills:
 + Level 7.5 Fighting
 - Level 8.0 Maces & Flails
 - Level 2.4 Armour
 - Level 2.1 Dodging


You had 6 spell levels left.
You didn't know any spells.
Your spell library was empty.

Dungeon Overview and Level Annotations

Branches:
Dungeon (4/15)
 Temple: D:4-7

Altars:
Nemelex Xobeh
Okawaru
Trog
Yredelemnul

Annotations:
D:4 Duvessa


Innate Abilities, Weirdness & Mutations

You reflexively headbutt those who attack you in melee.
You have a pair of horns on your head.


Message History

Duvessa misses you. Duvessa barely misses you. You furiously retaliate!
You headbutt Duvessa. You hit Duvessa but do no damage.
Duvessa is severely wounded.
Duvessa hits you but does no damage. x2
You hit Duvessa.
Duvessa is almost dead.
Duvessa hits you with a short sword.
* * * LOW HITPOINT WARNING * * *
Duvessa hits you with a short sword!
* * * LOW HITPOINT WARNING * * *
You hit Duvessa.
Duvessa is almost dead.
Your skin stops crawling.
You feel less resistant to hostile enchantments.
Duvessa hits you but does no damage. Duvessa misses you.
You hit Duvessa. You headbutt Duvessa, but do no damage.
Duvessa is almost dead.
Duvessa hits you with a short sword!
You die...

########### #..[......#
#.........# #.........#
#.........# #.........##
#####.........# ####..#>...##
#.......########
#.#####..##### #.......# #....
#.# ##...... #.......# #....
#.# ####### #.......# #...)##
#.# ### #.......## #.e@###.#
###.# #........#######...#.###
#...#
######.#....####.......###...#
#.####...####.#.#..##..#####
#.# ###..###.#.##)....###..
#.# ##..##.#.###...###..# #.#
##.##.........###.## #<#
#.......###......# ###.#
####..#.....#..###


You could see Duvessa (berserk).

Vanquished Creatures
  Sigmund (D:2)
  An ogre (D:4)
  Dowan (D:4)
  2 centaur skeletons (D:4)
  A hound (D:4)
  Crazy Yiuf (D:2)
  2 worker ants (D:4)
  4 gnolls (D:3)
  8 adders
  2 oozes (D:1)
  5 worms
  2 dart slugs
  4 leopard geckos
  2 orcs (D:3)
  4 giant cockroaches
  10 goblins
  6 hobgoblins
  9 jackals
  14 kobolds
  2 quokkas (D:2)
  3 ball pythons
  A ball python skeleton (D:4)
  9 bats
  2 frilled lizards (D:1)
  9 rats
105 creatures vanquished.

Notes
Turn   | Place    | Note
-------+----------+-------------------------------------------
     0 | D:1      | Knicklaso the Minotaur Berserker began the quest for the
                  | Orb.
     0 | D:1      | Reached XP level 1. HP: 19/19 MP: 0/0
   179 | D:1      | Reached skill level 4 in Maces & Flails
   195 | D:1      | Reached XP level 2. HP: 27/27 MP: 1/1
   588 | D:1      | Reached XP level 3. HP: 33/33 MP: 2/2
   628 | D:1      | Reached ** piety under Trog
  1057 | D:1      | Reached skill level 5 in Maces & Flails
  1187 | D:2      | Reached XP level 4. HP: 34/41 MP: 3/3
  1205 | D:2      | Found a sparkling altar of Nemelex Xobeh.
  1205 | D:2      | Found a basalt altar of Yredelemnul.
  1341 | D:2      | Found a runed door.
  1852 | D:2      | Reached skill level 6 in Maces & Flails
  2075 | D:2      | Noticed Sigmund
  2081 | D:2      | Killed Sigmund
  2081 | D:2      | Reached skill level 5 in Fighting
  2081 | D:2      | Reached skill level 7 in Maces & Flails
  2081 | D:2      | Reached XP level 5. HP: 49/49 MP: 4/4
  2081 | D:2      | Reached XP level 6. HP: 56/56 MP: 5/5
  2229 | D:2      | Noticed Crazy Yiuf
  2234 | D:2      | Killed Crazy Yiuf
  2509 | D:3      | Reached *** piety under Trog
  2880 | D:3      | Found an iron altar of Okawaru.
  3020 | D:4      | Found a bloodstained altar of Trog.
  3067 | D:4      | Reached skill level 8 in Maces & Flails
  3096 | D:4      | Reached XP level 7. HP: 64/64 MP: 6/6
  3433 | D:4      | Noticed Duvessa
  3433 | D:4      | Noticed Dowan
  3444 | D:4      | Killed Dowan
  3456 | D:4      | Slain by Duvessa

Skill      XL: |  1  2  3  4  5  6  7 |
---------------+----------------------+-----
Maces & Flails | 4 5 7 8 |  8.0
Fighting       | 4 5 6 7 |  7.5
Armour         | |  2.4
Dodging        | |  2.1

Action                   |  1- 3 |  4- 6 |  7- 9 || total
-------------------------+-------+-------+-------++-------
Melee: Mace              |    65 |   123 |    34 ||   222
       Headbutt          |     8 |    25 |     5 ||    38
Throw: Stone             |    68 |     2 |       ||    70
Invok: Berserk           |       |     4 |     1 ||     5
       Trog's Hand       |       |     2 |     1 ||     3
  Use: Scroll            |       |     3 |       ||     3
 Stab: Sleeping          |     2 |     3 |       ||     5
  Eat: Chunk             |     1 |     9 |     3 ||    13
Armor: Animal skin       |     6 |    14 |       ||    20
       Ring mail         |       |    14 |    13 ||    27
Dodge: Dodged            |    48 |    75 |    18 ||   141
